 Dungeon Crawl Stone Soup version 0.20-a0-1109-ge3cd172 (webtiles) character file.

1460 JeffiDaFish the Cudgeler (level 8, -5/50 HPs)
             Began as a Gargoyle Fighter on May 6, 2017.
             Was a Priest of Okawaru.
             Slain by a cyclops (14 damage)
             ... on level 6 of the Dungeon.
             The game lasted 00:13:35 (4551 turns).

JeffiDaFish the Cudgeler (Gargoyle Fighter)         Turns: 4551, Time: 00:13:36

Health: -5/50      AC: 15    Str: 21    XL:     8   Next: 76%
Magic:  8/8        EV:  8    Int: 12    God:    Okawaru [***...]
Gold:   67         SH: 10    Dex: 11    Spells: 4/7 levels left

rFire    . . .     SeeInvis .   a - +1 flail
rCold    . . .     Gourm    .   c - +0 shield
rNeg     + + .     Faith    .   b - +0 scale mail
rPois    ∞         Spirit   .   o - +2 helmet
rElec    +         Reflect  .   (no cloak)
rCorr    .         Harm     .   (no gloves)
MR       +....                  (no boots)
Stlth    ..........             (no amulet)
Regen    0.2/turn               s - ring of positive energy
MPRegen  0.2/turn               g - +2 ring of strength

@: no status effects
A: talons 1, clever 1, magic resistance 1, negative energy resistance 1,
electricity resistance, wild magic 1, unbreathing, petrification resistance, rot
immunity, AC +5
a: Heroism, Renounce Religion


You were on level 6 of the Dungeon.
You worshipped Okawaru.
Okawaru was most pleased with you.
You were not hungry.

You visited 2 branches of the dungeon, and saw 7 of its levels.

You collected 262 gold pieces.
You spent 195 gold pieces at shops.

Inventory:

Hand Weapons
 a - a +1 flail (weapon)
Armour
 b - a +0 scale mail (worn)
 c - a +0 shield (worn)
 o - a +2 helmet (worn)
Jewellery
 g - a +2 ring of strength (right hand)
 s - a ring of positive energy (left hand)
Scrolls
 k - 3 scrolls of identify
 n - 3 scrolls of enchant weapon
 q - 4 scrolls of blinking
Potions
 e - 2 potions of ambrosia
 i - 4 potions of curing
 m - a potion of resistance
 r - a potion of flight
Books
 p - a book of Minor Magic

   Spells                             Type                      Level
   a - Magic Dart                     Conjuration                  1
   b - Blink                          Translocation                2
   c - Call Imp                       Summoning                    2
   d - Slow                           Hexes                        2
   e - Conjure Flame                  Conjuration/Fire             3
   f - Mephitic Cloud                 Conjuration/Poison/Air       3
Comestibles
 d - 3 royal jellies
 f - 4 bread rations
 h - 4 meat rations
 j - 3 fruits
 l - 4 chunks of flesh


   Skills:
 + Level 5.4 Fighting
 + Level 7.3 Maces & Flails
 + Level 5.6 Armour
 + Level 1.8 Dodging
 + Level 0.2 Stealth
 + Level 5.9 Shields


You had 4 spell levels left.
You knew the following spells:

 Your Spells              Type           Power        Failure   Level  Hunger
a - Mephitic Cloud        Conj/Pois/Air  #.......     100%        3    ####...


Dungeon Overview and Level Annotations

Branches:
Dungeon (6/15)             Temple (1/1) D:4

Altars:
Ashenzari
Cheibriados
Dithmenos
Elyvilon
Fedhas
Gozag
Hepliaklqana
Kikubaaqudgha
Makhleb
Nemelex Xobeh
Okawaru
Qazlal
Ru
Sif Muna
Trog
Uskayaw
Wu Jian
Xom
Yredelemnul
Zin
The Shining One

Shops:
D:4 =*   D:6 *

Annotations:
D:6 BobbyCarnage's ghost, novice MiBe


Innate Abilities, Weirdness & Mutations

You are resistant to torment.
Your stone body is resilient. (AC +5)
You are immune to poison.
You resist negative energy. (rN+)
You are resistant to electric shocks. (rElec)
You can survive without breathing.
You are immune to petrification.
You are immune to rotting.
You have sharp toenails.
Your mind is acute. (Int +2)
You are resistant to hostile enchantments. (MR+)
Your spells are a little harder to cast, but a little more powerful.


Message History

The cyclops is moderately wounded.
The cyclops barely misses you.
You thump the cyclops! You claw the cyclops, but do no damage.
The cyclops is heavily wounded.
You hit the cyclops.
The cyclops is heavily wounded.
The cyclops hits you!
You are too injured to fight recklessly!
You are too injured to fight recklessly!
You are too injured to fight recklessly!
You are too injured to fight recklessly!
You are too injured to fight recklessly!
You hit the cyclops. You claw the cyclops, but do no damage.
The cyclops is heavily wounded.
The cyclops hits you!
* * * LOW HITPOINT WARNING * * *
You hit the cyclops. You claw the cyclops, but do no damage.
The cyclops is severely wounded.
The cyclops hits you!
You die...

#.........#........#..
#.####)########.#########.
#............. #.....<>
#####....##### ......##.
#....# .#.## #.
#....###### ..# #.
#.........#...# #.
#...#####.#...# ..
#....@CW.....##. ##
#.#.####........ ...#.#
#.########### #####.#
#.a.......... ..#
#....#.h.#. ### #...#.#
..# #..#..a# h #.......h
#....#...#


You could see a cyclops and a phantom.

Vanquished Creatures
  The ghost of xraymikek the Conjurer, a novice HuCj (D:5)
  A phantom (D:4)
  An ice beast (D:5)
  A black bear (D:6)
  2 ogres
  2 howler monkeys
  A crimson imp (D:5)
  2 hounds (D:4)
  2 jellies
  An orc priest (D:5)
  Terence (D:2)
  5 worker ants
  A worker ant zombie (D:5)
  4 gnolls
  5 adders
  3 oozes
  6 worms
  A dart slug (D:3)
  5 leopard geckos
  7 orcs
  A giant cockroach (D:1)
  6 goblins
  7 hobgoblins
  8 jackals
  2 quokkas
  12 bats
  2 frilled lizards
  10 kobolds
  A leopard gecko zombie (D:5)
  A quokka zombie (D:5)
  8 rats
110 creatures vanquished.

Notes
Turn   | Place    | Note
-------+----------+-------------------------------------------
     0 | D:1      | JeffiDaFish the Gargoyle Fighter began the quest for the Orb.
     0 | D:1      | Reached XP level 1. HP: 14/14 MP: 1/1
   123 | D:1      | Reached XP level 2. HP: 7/19 MP: 2/2
   553 | D:1      | Reached XP level 3. HP: 23/24 MP: 3/3
  1069 | D:2      | Reached XP level 4. HP: 29/29 MP: 4/4
  1318 | D:2      | Reached skill level 3 in Maces & Flails
  1394 | D:2      | Noticed Terence
  1399 | D:2      | Killed Terence
  1405 | D:2      | Reached XP level 5. HP: 30/33 MP: 5/5
  1619 | D:2      | Found a glowing golden altar of the Shining One.
  2184 | D:3      | Found a hazy altar of Hepliaklqana.
  2444 | D:4      | Learned a level 3 spell: Mephitic Cloud
  2526 | D:4      | Reached skill level 4 in Maces & Flails
  2619 | D:4      | Found Gaesed's Assorted Antiques.
  2627 | D:4      | Reached XP level 6. HP: 38/38 MP: 6/6
  2644 | D:4      | Found a staircase to the Ecumenical Temple.
  2645 | D:4      | Bought a peridot ring for 120 gold pieces
  2660 | Temple   | Entered the Ecumenical Temple
  2764 | Temple   | Became a worshipper of Warmaster Okawaru
  2914 | D:4      | Noticed a phantom
  2979 | D:4      | Killed a phantom
  2979 | D:4      | Reached skill level 5 in Maces & Flails
  3000 | D:4      | Found a burning altar of Makhleb.
  3002 | D:4      | Found a glowing silver altar of Zin.
  3002 | D:4      | Noticed an angel
  3003 | D:4      | Noticed a cacodemon
  3039 | D:4      | Reached skill level 1 in Dodging
  3039 | D:4      | Reached XP level 7. HP: 44/44 MP: 7/7
  3201 | D:4      | Gained mutation: You are resistant to hostile enchantments. (MR+) [potion of mutation]
  3201 | D:4      | Gained mutation: Your spells are a little harder to cast, but a little more powerful. [potion of mutation]
  3201 | D:4      | Gained mutation: Your mind is acute. (Int +2) [potion of mutation]
  3201 | D:4      | Gained mutation: You have sharp toenails. [potion of mutation]
  3211 | D:4      | Found Nedexzir's Jewellery Shoppe.
  3216 | D:4      | Bought a +2 ring of strength for 75 gold pieces
  3356 | D:5      | Entered Level 5 of the Dungeon
  3435 | D:5      | Reached * piety under Okawaru
  3653 | D:5      | Reached skill level 5 in Armour
  3671 | D:5      | Noticed xraymikek's ghost (novice HuCj)
  3686 | D:5      | Killed xraymikek's ghost
  3686 | D:5      | Reached ** piety under Okawaru
  3686 | D:5      | Reached skill level 5 in Fighting
  3686 | D:5      | Reached skill level 6 in Maces & Flails
  3686 | D:5      | Reached skill level 5 in Shields
  3686 | D:5      | Reached XP level 8. HP: 30/49 MP: 8/8
  3838 | D:5      | Found a shattered altar of Ashenzari.
  4401 | D:6      | Noticed BobbyCarnage's ghost (novice MiBe)
  4437 | D:6      | Found Vihit's Assorted Antiques.
  4527 | D:6      | Noticed a cyclops
  4538 | D:6      | Reached skill level 7 in Maces & Flails
  4543 | D:6      | Reached *** piety under Okawaru
  4551 | D:6      | Slain by a cyclops

Vault maps used:
D:1:      zelgadis_glass_arrival_small
D:2:      tso_oasis_becter, first_bread, uniq_terence
D:3:      lemuel_round_altar, grunt_ministairs_6
D:4:      grunt_temple_overflow_order_and_chaos_2,
          minmay_temple_entry_statues_pillars, serial_shops,
          nicolae_shop_statue_plus, shop, minmay_mini_jars
D:5:      overflow_temple_1_default, kennysheep_opposing_triangles
D:6:      cheibrodos_fzero, overflow_temple_1_default, serial_shops, shop,
          hangedman_decor_growths, uniq_edmund
Temple:   eino_temple_rhombus

Skill      XL: |  1  2  3  4  5  6  7  8 |
---------------+-------------------------+-----
Maces & Flails | 3 4 5 6 7 |  7.3
Fighting       | 4 5 |  5.4
Shields        | 4 5 |  5.9
Armour         | 4 5 |  5.6
Dodging        | 1 |  1.8
Stealth        | |  0.2

Action                   |  1- 3 |  4- 6 |  7- 9 || total
-------------------------+-------+-------+-------++-------
Melee: Flail             |   177 |   207 |   173 ||   557
       Kick              |       |       |    43 ||    43
  Use: Potion            |     3 |     3 |     4 ||    10
       Scroll            |     3 |     7 |     3 ||    13
  Eat: Chunk             |     1 |     7 |     5 ||    13
Armor: Scale mail        |   105 |   107 |    49 ||   261
Dodge: Dodged            |    74 |    66 |    51 ||   191
Block: Shield            |   112 |    94 |    84 ||   290
